 Dungeon Crawl Stone Soup version 0.28-a0-850-g09de17f5b5 (webtiles) character file.

Game seed: 995341636662385667

118 marklar909 the Skirmisher (level 4, 0/39 HPs)
             Began as a Palentonga Fighter on Nov 14, 2021.
             Slain by Ijyb (5 damage)
             ... on level 3 of the Dungeon.
             The game lasted 00:02:10 (2896 turns).

marklar909 the Skirmisher (Palentonga Fighter)      Turns: 2896, Time: 00:02:11

Health: 0/39       AC:  6    Str: 20    XL:     4   Next: 72%
Magic:  4/4        EV:  5    Int:  8    God:
Gold:   146        SH:  8    Dex: 10    Spells: 3/3 levels left

rFire   . . .      SeeInvis +   a - +0 war axe
rCold   . . .      Faith    .   g - +0 kite shield
rNeg    . . .      Spirit   .   b - +0 scale mail
rPois   .          Reflect  .   (no helmet)
rElec   .          Harm     .   (no cloak)
rCorr   .          Rampage  .   (no gloves)
Will    .....                   (no barding)
Stlth   ..........              (no amulet)
HPRegen 0.13/turn               (no ring)
MPRegen 0.09/turn               (no ring)

@: mighty, hasted, very quick
A: large, rugged brown scales 3, see invisible, deformed body, roll 1, armoured
tail
a: Rolling Charge


You were on level 3 of the Dungeon.
You visited 1 branch of the dungeon, and saw 3 of its levels.

You collected 146 gold pieces.

Inventory:

Hand Weapons
 a - a +0 war axe (weapon)
Armour
 b - a +0 scale mail (worn)
 g - a +0 kite shield (worn)
Scrolls
 e - a scroll of magic mapping {unknown}
 j - a scroll of teleportation {unknown}
 k - 4 scrolls of identify {unknown}
 l - a scroll of amnesia {unknown}
Potions
 c - 2 potions of curing {unknown}
 f - a potion of heal wounds {unknown}
 h - 2 potions of degeneration {unknown}
 m - a potion of berserk rage {unknown}


   Skills:
 * Level 3.7 Fighting
 + Level 2.6 Axes
 * Level 3.2 Armour
 * Level 0.8 Dodging
 * Level 3.0 Shields


You had 3 spell levels left.
You didn't know any spells.
Your spell library was empty.

Dungeon Overview and Level Annotations

Branches:
Dungeon (3/15)

Altars:
Dithmenos

Shops:
D:2 !

Annotations:
D:3 Ijyb


Innate Abilities, Weirdness & Mutations

You are completely covered in rugged brown scales. (AC +3, +7% HP)
You have supernaturally acute eyesight. (SInv)
Armour fits poorly on your strangely shaped body.
You can roll at nearby foes to attack.
You have a long armoured tail.


Message History

Ijyb is nearby!
You closely miss Ijyb. Ijyb hits you with a +0 club. Ijyb barely misses you.
You hit Ijyb but do no damage. Ijyb hits you with a +0 club.
You block Ijyb's attack. Ijyb hits you but does no damage.
Unknown command.
Okay, then.
You aren't carrying any items that you can evoke.
Unknown command.
You feel very mighty all of a sudden. You block Ijyb's attack.
You barely miss Ijyb. Ijyb hits you with a +0 club. Ijyb closely misses you.
Ijyb screams, "Me stronger than you!" Ijyb hits you but does no damage.
You barely miss Ijyb. You slash Ijyb!
Your tail-slap misses Ijyb.
Ijyb is moderately wounded.
Ijyb hits you with a +0 club.
Ijyb zaps a wand.
The puff of flame hits you.
Ijyb zaps a wand.
The puff of flame hits you!
You barely miss Ijyb.
Ijyb is moderately wounded.
Ijyb zaps a wand.
You block the puff of flame. You block Ijyb's attack.
Ijyb hits you with a +0 club.
* * * LOW HITPOINT WARNING * * *
Unknown command.
You feel yourself speed up. You block Ijyb's attack.
You barely miss Ijyb.
Ijyb is moderately wounded.
You block Ijyb's attack. Ijyb hits you with a +0 club.
* * * LOW HITPOINT WARNING * * *
You slash Ijyb!
Ijyb is severely wounded.
Ijyb zaps a wand.
The puff of flame hits you.
* * * LOW HITPOINT WARNING * * *
You closely miss Ijyb.
Ijyb is severely wounded.
You block Ijyb's attack. Ijyb hits you but does no damage.
You closely miss Ijyb.
Ijyb is severely wounded.
Ijyb hits you with a +0 club.
You die...

#..# #.#.#
#.## #.#.#
#.# #.#.#
#.# #.#.#
#.. #.#.#
#.#.#####
#.#.....
#######.#g.#
........@..#
#######.##.#
#.# # #.#
#.# #.# ...
(.#


You could see Ijyb (fast).

Vanquished Creatures
  An orc wizard (D:3)
  3 gnolls (D:2)
  2 adders (D:2)
  A worm (D:2)
  2 orcs (D:3)
  4 bats
  2 endoplasms
  4 giant cockroaches
  3 goblins
  4 hobgoblins
  3 quokkas
  5 ball pythons
  3 frilled lizards
  3 kobolds
  4 rats
44 creatures vanquished.

Notes
Turn   | Place    | Note
-------+----------+-------------------------------------------
     0 | D:1      | marklar909 the Palentonga Fighter began the quest for the
                  | Orb.
     0 | D:1      | Reached XP level 1. HP: 19/19 MP: 1/1
   315 | D:1      | Reached XP level 2. HP: 25/25 MP: 2/2
   414 | D:1      | Found a faded altar of an unknown god.
  1068 | D:2      | Found Fatsa's Distillery.
  1441 | D:2      | Reached XP level 3. HP: 28/31 MP: 3/3
  1821 | D:2      | Reached XP level 4. HP: 28/38 MP: 4/4
  2509 | D:3      | Found a shadowy altar of Dithmenos.
  2883 | D:3      | Noticed Ijyb
  2896 | D:3      | Slain by Ijyb

Illustrated notes

Levels and vault maps discovered:
D:1:      sevenhm_arrival_forest_fort_small_6, layout_loops_corners,
          shapermc_ecumenical_altar_mp_highgroup
D:2:      layout_loops_corners, serial_shops, shop, kennysheep_pointless_box,
          st_stairs_9
D:3:      layout_basic, okawaru_altar_gauntlet_db, mainiacjoe_overflow_24_doors,
          uniq_ijyb

Skill      XL: |  1  2  3  4 |
---------------+-------------+-----
Armour         | 3 |  3.2
Shields        | 3 |  3.0
Fighting       | |  3.7
Axes           | |  2.6
Dodging        | |  0.8

Action                   |  1- 3 |  4- 6 || total
-------------------------+-------+-------++-------
Melee: War axe           |    90 |    40 ||   130
       Tailslap          |     9 |     3 ||    12
 Abil: Rolling Charge    |     4 |       ||     4
  Use: Potion            |       |     2 ||     2
Armor: Scale mail        |    44 |    17 ||    61
Dodge: Dodged            |    30 |     7 ||    37
Block: Kite shield       |    39 |    18 ||    57
       Buckler           |     1 |       ||     1

Table legend: (Time is in decaauts)
 A = Elapsed time spent in this place.
 B = Non-inter-level travel time spent in this place.
 C = Inter-level travel time spent in this place.
 D = Time resting spent in this place.
 E = Time spent auto-exploring this place.
 F = Levels seen in this place.
 G = Mean time per level.
                   A        B        C        D        E       F      G
               +--------+--------+--------+--------+--------+-----+--------+
         Total |   2970 |   2901 |     69 |    181 |   2285 |   3 |  990.0 |
       Dungeon |   2970 |   2901 |     69 |    181 |   2285 |   3 |  990.0 |
               +--------+--------+--------+--------+--------+-----+--------+

Top non-repeatable levels by time:
     D:2: 1369 daAuts
     D:1: 1015 daAuts
     D:3: 586 daAuts
